[Event "Early-Titled-Tuesday-Blitz-May-28-2024"]
[Site "Chess.com"]
[Date "2024.05.28"]
[Round "11"]
[White "tusplingher"]
[Black "Gryffindorac8"]
[Result "0-1"]
[WhiteElo "2578"]
[BlackElo "2497"]
[TimeControl "180+1"]
[EndTime "10:11:08 PDT"]
[Termination "Gryffindorac8 won by checkmate"]

1. e4 c5 2. Nf3 d6 3. d4 cxd4 4. Nxd4 Nf6 5. Bd3 g6 6. O-O Bg7 7. c4 O-O 8. Nc3 Nc6 9. Nde2 Nd7 10. Be3 Nde5 11. b3 Nxd3 12. Qxd3 a6 13. Nd4 Bd7 14. Nxc6 Bxc6 15. Bd4 Bxd4 16. Qxd4 b5 17. Rfd1 bxc4 18.
Qxc4 Qb6 19. Rac1 Rfc8 20. Nd5 Qb7 21. Qxc6 Rxc6 22. Rxc6 e6 23. Rc7 Qb8 24. Ne7+ Kg7 25. Rd7 Qb4 26. Nc6 Qxe4 27. Nd8 Qe2 28. R7xd6 Ra7 29.
R6d2 Qe4 30. Rd4 Qc2 31. R4d2 Qc8 32. h3 Rc7 33. Kf1 Rc1 34. Ke1 Rxd1+ 35. Kxd1 Kf8 36.
Rd3 Ke7 37. Kd2 Qc5 38. Ke2 Qe5+ 39. Kd1 Qc7 40. Kd2 a5 41. Ke2 e5 42. Kd2 f5 43.
f3 e4 44. Rd4 Qf4+ 45. Kc3 Qc7+ 46. Kd2 exf3 47. gxf3 Qc5 48. Kd3 Qb5+ 49. Ke3 Qe5+ 50. Kd3 Qb5+ 51. Ke3 Qc5 52. a4 f4+ 53. Kd3 Qc7 54. Ke4 Qb6 55. Rd3 g5 56. Ke5 Qg6 57.
Rd5 Qf6+ 58. Ke4 Qg6+ 59. Kd4 Qb6+ 60. Ke4 h5 61. Ke5 Qf6+ 62. Ke4 g4 63. hxg4 hxg4 64. fxg4 f3 65. Rf5 Qc3 66. Rxf3 Qb4+ 67. Ke5 Kxd8 68.
Kf5 Qc5+ 69. Kg6 Qd6+ 70. Rf6 Qg3 71. g5 Qxb3 72. Kh6 Qxa4 73. g6 Qh4+ 74. Kg7 Ke7 75. Rf7+ Ke6 76. Rf8 Qd4+ 77. Kg8 a4 78. g7 a3 79. Re8+ Kd7 80. Rf8 a2 81. Rf1 a1=Q 82. Rxa1 Qxa1 83. Kh7 Qh1+ 84. Kg8 Ke6 85. Kf8 Qa8# 0-1

[Event "Early-Titled-Tuesday-Blitz-May-28-2024"]
[Site "Chess.com"]
[Date "2024.05.28"]
[Round "11"]
[White "AwareIdea"]
[Black "biveklama"]
[Result "0-1"]
[WhiteElo "2474"]
[BlackElo "2607"]
[TimeControl "180+1"]
[EndTime "10:11:09 PDT"]
[Termination "biveklama won by resignation"]

1. d4 d5 2. c4 c6 3. Nf3 Nf6 4.
e3 Bg4 5. Nc3 e6 6. Qb3 Qb6 7. Ne5 Bf5 8. c5 Qc7 9. Bd2 Nbd7 10. f4 b6 11. cxb6 axb6 12. Rc1 Qb7 13. Be2 Be7 14. g4 Bg6 15. h4 Nxe5 16. fxe5 Ne4 17.
h5 Nxc3 18. hxg6 Nxe2 19. gxf7+ Kxf7 20. Kxe2 Raf8 21. Qd3 g6 22. e4 c5 23. exd5 Qxd5 24. Rcf1+ Ke8 25. Qb5+ Qd7 26. Qxd7+ Kxd7 27. dxc5 Bxc5 28.
Rxf8 Bxf8 29. g5 Kc6 30. Bc3 h5 31. gxh6 Rxh6 32. Rg1 Bc5 33. Rg2 Kd5 34. Kf3 Rh3+ 35. Kg4 Rd3 36. Kg5 Bd4 37. Bxd4 Rxd4 38. Kf6 Rf4+ 39. Ke7 Kxe5 40. Rxg6 Kd5 41. Rxe6 Kc5 42. Re2 Rd4 43. Ke6 b5 44. Rc2+ Kb4 45. Ke5 Rd8 46. Ke4 Ra8 47. b3 Rd8 48. Ke3 Ka3 49.
Ke2 b4 50. Ke3 Rd1 51. Ke4 Rd8 52. Ke5 Rd7 53. Ke6 Rd3 54. Ke5 Rc3 55. Rh2 Rd3 56.
Ke4 Rd6 57. Ke5 Rd7 58. Ke4 Rd8 59. Ke3 Rc8 60. Kd3 Rc3+ 61. Kd4 Rc1 62. Kd5 Rc3 63.
Rf2 Rc7 64. Re2 Rc8 65. Kd4 Rd8+ 66. Kc4 Rc8+ 67. Kd5 Rc7 68. Kd6 Rc8 69. Kd7 Rc1 70.
Kd6 Ra1 71. Kc5 Rc1+ 72. Kb5 Rc5+ 73. Kb6 Rc6+ 74. Kb5 Rc5+ 75. Ka6 Ra5+ 76. Kb6 Rb5+ 77. Kc6 Rc5+ 78. Kd6 Rc8 79. Re4 Rc2 80. Kd5 Rxa2 81. Re3 Rc2 82. Kd4 Rc7 83. Kd5 Rc3 84. Re1 Kxb3 85.
Rb1+ Ka3 86. Kd4 Rc7 87. Kd3 b3 88. Kd2 b2 89. Rxb2 Kxb2 0-1

[Event "Early-Titled-Tuesday-Blitz-May-28-2024"]
[Site "Chess.com"]
[Date "2024.05.28"]
[Round "11"]
[White "Flaccidmoves"]
[Black "GMthekingindian"]
[Result "1-0"]
[WhiteElo "2482"]
[BlackElo "2355"]
[TimeControl "180+1"]
[EndTime "10:11:09 PDT"]
[Termination "Flaccidmoves won by checkmate"]

1. d4 d5 2. c4 e6 3. Nc3 Nf6 4.
cxd5 exd5 5. Bg5 Be7 6. e3 O-O 7. Bd3 Re8 8. Qc2 h6 9. Bh4 Nbd7 10. Nf3 c6 11. O-O Ne4 12. Bxe7 Qxe7 13. Bxe4 dxe4 14. Nd2 Nf6 15. Rae1 Bf5 16. f4 Nd5 17. Nxd5 cxd5 18. Qb3 Qd7 19. Nb1 g6 20. Nc3 Be6 21. Na4 b6 22. Nc3 Rec8 23. Rc1 Rc4 24. Nxe4 dxe4 25.
Rxc4 b5 26. d5 bxc4 27. dxe6 Qxe6 28. Qb5 Qb6 29. Qxb6 axb6 30. a3 Rd8 31. Rc1 b5 32. Rc2 Rd3 33. Kf2 Kg7 34. g4 h5 35. h3 hxg4 36. hxg4 Kf6 37. Ke2 Rb3 38. Rd2 Ke6 39. Kf2 Rd3 40. Ke2 Rb3 41. Kf2 f5 42. g5 c3 43. bxc3 Rxa3 44. Rb2 Rxc3 45. Rxb5 Rc2+ 46. Ke1 Rc1+ 47. Kd2 Rf1 48. Rb6+ Kf7 49. Rf6+ Kg7 50. Rc6 Rf2+ 51. Ke1 Ra2 52. Rc7+ Kf8 53. Rd7 Rb2 54. Rh7 Kg8 55. Rd7 Kf8 56. Rd2 Rb1+ 57. Ke2 Rb3 58. Ra2 Rd3 59. Ra7 Kg8 60. Ra6 Kg7 61. Rb6 Kf7 62.
Rb7+ Kf8 63. Rb2 Kf7 64. Rd2 Rc3 65. Rd4 Rc2+ 66. Kd1 Rg2 67. Rd2 Rg3 68. Re2 Ke6 69. Kd2 Rg1 70. Rh2 Rg3 71. Rh7 Rg2+ 72. Kc3 Re2 73.
Kd4 Rd2+ 74. Kc4 Rd3 75. Rg7 Rxe3 76. Rxg6+ Ke7 77. Rf6 Rg3 78. Rxf5 e3 79. Kd3 Ke6 80. Rf6+ Ke7 81. Ke2 Ke8 82. Rf5 Ke7 83. Re5+ Kf7 84. Rxe3 Rg2+ 85. Kf3 Ra2 86. Rb3 Kg7 87. f5 Kf7 88.
Rb7+ Kf8 89. Kg4 Ra5 90. g6 Kg8 91. Kg5 Ra1 92. Rb8+ Kg7 93. f6# 1-0

[Event "Early-Titled-Tuesday-Blitz-May-28-2024"]
[Site "Chess.com"]
[Date "2024.05.28"]
[Round "11"]
[White "JaloliddinIlkhomi"]
[Black "mangochessgo"]
[Result "0-1"]
[WhiteElo "2779"]
[BlackElo "2641"]
[TimeControl "180+1"]
[EndTime "10:11:20 PDT"]
[Termination "mangochessgo won by checkmate"]

1. Nf3 Nf6 2. d4 b6 3. Bf4 Bb7 4. e3 Nh5 5. Bg5 h6 6. Bh4 g5 7. Bg3 Nxg3 8. hxg3 Bg7 9. Nbd2 d6 10.
c3 Nd7 11. Bd3 e6 12. Be4 d5 13. Bd3 c5 14. Qe2 f5 15. Bb5 O-O 16. Bxd7 Qxd7 17. Ne5 Qc7 18. Qh5 Bc6 19. Nxc6 Qxc6 20. Nf3 Qe8 21. Qh2 a5 22. Ne5 a4 23. a3 Ra7 24.
Qh5 Qxh5 25. Rxh5 Bxe5 26. dxe5 Kg7 27. Ke2 b5 28. Rah1 Rh8 29. Rc1 Kg6 30. Rch1 Rb7 31.
f4 g4 32. Rg5+ Kh7 33. Rgh5 Kg7 34. Rc1 Kg6 35. Rh4 h5 36. Kd3 Rhb8 37. Rch1 Rh7 38. Rc1 Rc7 39. Rch1 Rh8 40. Rc1 Rc6 41. Kd2 Rb6 42. Kd3 Rb7 43. Kd2 Rbh7 44. Kc2 Kf7 45. Kb1 Ke7 46. Ka2 Kd7 47. Rch1 Kc6 48. Rd1 Kb6 49.
Rc1 Ka5 50. Rh2 h4 51. Rch1 h3 52. gxh3 Rxh3 53. Rxh3 Rxh3 54. Rg1 Rh2 55. Kb1 b4 56. axb4+ cxb4 57. cxb4+ Kxb4 58. Rc1 Rg2 59. Rc6 Rxg3 60. Rxe6 Rg1+ 61. Ka2 Re1 62. Rf6 Rxe3 63. Rxf5 g3 64. Rg5 d4 65. e6 d3 66. e7 d2 67. Rxg3 Rxe7 68. Rd3 Re2 69. f5 Kc4 70. Rd8 a3 71.
f6 axb2 72. f7 Rf2 73. Rxd2 Rxf7 74. Kxb2 Rb7+ 75. Kc2 Ra7 76. Rh2 Ra2+ 77. Kd1 Rxh2 78. Ke1 Kd3 79. Kf1 Ke3 80. Kg1 Ra2 81. Kf1 Rb2 82. Ke1 Rb1# 0-1

[Event "Early-Titled-Tuesday-Blitz-May-28-2024"]
[Site "Chess.com"]
[Date "2024.05.28"]
[Round "11"]
[White "AryanTari"]
[Black "Lennis93"]
[Result "1/2-1/2"]
[WhiteElo "3029"]
[BlackElo "2786"]
[TimeControl "180+1"]
[EndTime "10:11:24 PDT"]
[Termination "Game drawn by repetition"]

1. e4 c5 2. Nc3 Nc6 3. f4 g6 4. Nf3 Bg7 5. Bb5 Nd4 6. O-O Nxb5 7. Nxb5 Nf6 8. e5 Nd5 9. d4 cxd4 10. Nbxd4 d6 11. Nb5 Qb6+ 12. Nbd4 Bg4 13. Kh1 dxe5 14. fxe5 Rd8 15. Qe1 Nb4 16. Be3 Nd5 17. Bg1 Qxb2 18. c4 Nf4 19. Qg3 Bxf3 20. Nxf3 Ne6 21. Qh4 O-O 22.
Qxe7 Rfe8 23. Qh4 b6 24. a4 Qc3 25. a5 bxa5 26. c5 Rd5 27. Rac1 Qb4 28. Rc4 Qb5 29. c6 Rc8 30. Rfc1 a4 31. Qe7 a3 32. Qxa3 a5 33. h3 Bf8 34. Qa1 Bh6 35. R1c2 Bf8 36. Nd4 Nxd4 37. Bxd4 Bb4 38. c7 Rd7 39. e6 fxe6 40. Qa2 Rd5 41. Qa1 Qd7 42. Qg1 e5 43.
Qe3 exd4 44. Qd3 Re5 45. Rxd4 Re1+ 46. Kh2 Qe7 47. Rd8+ Kg7 48. Qd4+ Kh6 49. Rxc8 Bd6+ 50. g3 Re2+ 51. Rxe2 Qxe2+ 52. Kg1 Qe1+ 53. Kg2 Qxg3+ 54.
Kf1 Qxh3+ 55. Ke2 Qxc8 56. Qxd6 Qg4+ 57. Kd3 Qd1+ 58. Ke4 Qxd6 59. c8=Q Qe7+ 60. Kf3 Qg5 61. Qf8+ Kh5 62. Qg8 Qf5+ 63. Kg3 h6 64. Qa2 Qg5+ 65.
Kf3 Qg4+ 66. Ke3 Qg3+ 67. Ke4 Qh4+ 68. Kf3 Qh3+ 69. Ke4 a4 70. Qa1 Qf5+ 71. Ke3 Qe6+ 72. Kf3 Qb3+ 73. Kg2 a3 74. Qh1+ Kg5 75. Qc1+ Kf5 76. Qc5+ Ke4 77. Qe7+ Kd3 78. Qd6+ Ke2 79. Qe5+ Kd1 80. Qd6+ Kc1 81. Qf4+ Kb2 82. Qf6+ Qc3 83. Qb6+ Kc1 84. Qxg6 Qb2+ 85. Kh1 a2 86. Qg1+ Kc2 87. Qf2+ Kb3 88. Qb6+ Kc2 89. Qf2+ Kc3 90. Qf6+ Kc2 91. Qf5+ Kc1 92. Qf1+ Kd2 93. Qf2+ Kc3 94. Qf6+ Kb3 95. Qf7+ Ka3 96. Qa7+ Kb4 97. Qb7+ Ka3 98. Qa7+ Kb3 99. Qf7+ Kc2 100. Qf2+ 1/2-1/2

[Event "Early-Titled-Tuesday-Blitz-May-28-2024"]
[Site "Chess.com"]
[Date "2024.05.28"]
[Round "11"]
[White "ViktoriyaTarasova"]
[Black "Shushik"]
[Result "1/2-1/2"]
[WhiteElo "2385"]
[BlackElo "2552"]
[TimeControl "180+1"]
[EndTime "10:11:27 PDT"]
[Termination "Game drawn by repetition"]

1. d4 Nf6 2. c4 e6 3. Nc3 Bb4 4. e3 O-O 5. Ne2 d5 6. cxd5 exd5 7. Nf4 Re8 8. Bd3 c6 9. O-O Bd6 10. h3 Nbd7 11. Bd2 Nf8 12. Qc2 Qe7 13. Rae1 Ne4 14. Bc1 Nxc3 15. bxc3 Bxf4 16. exf4 Qxe1 17. Rxe1 Rxe1+ 18. Kh2 Re8 19. f5 Nd7 20. g4 Nf6 21. f3 h6 22. Bf4 Bd7 23. Be5 Nh7 24. h4 f6 25.
Bf4 Re1 26. c4 Rae8 27. Qb3 dxc4 28. Bxc4+ Kh8 29. Qxb7 Nf8 30. Bd6 Rc1 31. Bxf8 Rxc4 32. Bxg7+ Kxg7 33. Qxd7+ Kf8 34. Qd6+ Kf7 35. d5 Rc2+ 36.
Kg3 cxd5 37. Qxd5+ Kf8 38. Qd6+ Kf7 39. a4 Re7 40. Qd5+ Kg7 41. Qd4 Rce2 42. g5 hxg5 43. hxg5 R7e5 44. Qxa7+ Re7 45. Qd4 R7e5 46. gxf6+ Kf7 47.
Qc4+ Kxf6 48. Qc6+ Kxf5 49. Qd7+ Kf6 50. Qd8+ Kf7 51.
Qd7+ Re7 52. Qd5+ Kf8 53. Qf5+ Kg8 54. Qd5+ Kh8 55. a5 R2e5 56. Qd4 Kg8 57. f4 Re3+ 58. Kg4 R3e4 59. Qd5+ Kg7 60. Qg5+ Kf7 61. Qf5+ Ke8 62. Qb5+ Kd8 63. a6 Rg7+ 64. Kf3 Ree7 65. Qb6+ Ke8 66. f5 Rgf7 67. Kf4 Kf8 68. Qc6 Kg7 69. Qg6+ Kf8 70. Qc6 Kg7 71. Qd6 Rd7 72. Qe5+ Kf8 73. Qh8+ Ke7 74. Qe5+ Kd8 75. Qb8+ Ke7 76. Qb4+ Kd8 77.
Qa5+ Kc8 78. Qb5 Rd4+ 79. Ke5 Rdd7 80. Qc6+ Kd8 81. Qb6+ Ke8 82. f6 Kf8 83. Kf5 Ke8 84. Qe6+ Kd8 85. Qb6+ Kc8 86. Qc6+ Kb8 87. Ke6 Rc7 88.
Qd6 Ka7 89. Qd4+ Kxa6 90. Qd6+ Kb5 91. Qd5+ Kb6 92. Qd6+ Kb5 93. Qd5+ Kb6 94. Qd6+ Kb5 1/2-1/2

[Event "Early-Titled-Tuesday-Blitz-May-28-2024"]
[Site "Chess.com"]
[Date "2024.05.28"]
[Round "11"]
[White "GoltsevDmitry2000"]
[Black "Anton_Demchenko"]
[Result "0-1"]
[WhiteElo "2761"]
[BlackElo "2935"]
[TimeControl "180+1"]
[EndTime "10:11:34 PDT"]
[Termination "Anton_Demchenko won by checkmate"]

1. e4 e5 2. Nf3 Nc6 3. Bb5 a6 4. Ba4 Nge7 5. O-O Ng6 6. c3 d6 7.
d4 Bd7 8. dxe5 dxe5 9. Bg5 Be7 10. Bxe7 Qxe7 11. Nbd2 O-O 12. Qe2 Nd4 13. cxd4 Bxa4 14. Nxe5 Nxe5 15. dxe5 Qxe5 16. b3 Bc6 17. f3 f5 18. Nc4 Qc5+ 19. Kh1 fxe4 20. fxe4 Rae8 21. Rxf8+ Qxf8 22. e5 Qf5 23. Rf1 Qg5 24. Qf2 h6 25. h3 Kh7 26. Qc2+ Kh8 27. Rf5 Qg3 28. Kg1 Bd5 29.
Qf2 Qxf2+ 30. Kxf2 Kg8 31. Ne3 Be4 32. Rf4 Rxe5 33. Nc4 Re7 34. g3 g5 35. Rg4 Bf5 36. Rd4 Bxh3 37. g4 Rf7+ 38. Kg3 Bf1 39. Ne3 Bb5 40. Nf5 Kh7 41. Rd8 Bd7 42. Ne3 Be6 43.
Nc2 Rd7 44. Re8 Rd3+ 45. Kf2 Bxg4 46. Re7+ Kg6 47. Rxc7 h5 48. Ne3 Be6 49. Re7 Kf6 50.
Re8 h4 51. Ke2 Rd7 52. Rf8+ Rf7 53. Rh8 Kg6 54. Re8 Bd7 55. Rd8 h3 56. Nc4 Re7+ 57.
Kf2 Bc6 58. Rd6+ Kf5 59. Kg3 Rh7 60. Ne3+ Ke4 61. Ng4 h2 62. Nxh2 Kf5 63. Ng4 Ke4 64.
Nf6+ Ke5 65. Nxh7 Kxd6 66. Nxg5 Kc5 67. Kf4 Kb4 68. Ke3 Ka3 69. Kd4 Kxa2 70. Kc3 Ka3 71.
Ne6 b6 72. Nd4 Bd5 73. Nf5 Bxb3 74. Nd4 Bd5 75. Nf5 b5 76. Ne3 b4+ 77. Kc2 Be4+ 78. Kc1 Kb3 79. Nf1 Kc3 80. Nd2 Bd5 81. Nf1 a5 82. Ne3 Be6 83. Kb1 a4 84. Nc2 Bf5 85. Kc1 b3 86. Na3 Bd3 87. Kd1 b2 88. Ke1 Kb3 89. Kd2 Kxa3 90. Kc3 b1=Q 91. Kd2 Qc2+ 92. Ke3 Kb3 93. Kd4 a3 94. Kd5 a2 95. Ke6 a1=Q 96. Kf7 Qc6 97. Kg8 Qa7 98. Kh8 Qca8# 0-1

[Event "Early-Titled-Tuesday-Blitz-May-28-2024"]
[Site "Chess.com"]
[Date "2024.05.28"]
[Round "11"]
[White "chessdjw"]
[Black "Galileo22"]
[Result "0-1"]
[WhiteElo "2779"]
[BlackElo "2647"]
[TimeControl "180+1"]
[EndTime "10:12:11 PDT"]
[Termination "Galileo22 won by resignation"]

1. e4 e5 2. Nf3 Nc6 3. Bb5 a6 4.
Ba4 Bc5 5. Bxc6 dxc6 6. d3 Bg4 7.
h3 Bh5 8. Nbd2 f6 9. a3 Ne7 10. b4 Bd4 11. Rb1 Bf7 12. Nxd4 Qxd4 13. O-O g5 14. Qf3 Qd6 15. a4 b6 16. a5 b5 17.
Qe3 Ng6 18. Nb3 Bxb3 19. Rxb3 O-O 20. Qf3 Ne7 21. Be3 Qe6 22. Bc5 Rfd8 23. Qg4 Kf7 24.
Rc3 Ng6 25. g3 Rd7 26. Be3 Qxg4 27. hxg4 Rd6 28. Kg2 Rh8 29. Rh1 Kg7 30. Rh5 Rhd8 31. Bc5 Re6 32. Rb3 Nh8 33. Rb1 Nf7 34. Rbh1 h6 35.
Kf3 Rd7 36. Ke3 Rd8 37. f4 exf4+ 38. gxf4 gxf4+ 39. Kxf4 Kg6 40. Ke3 Kg7 41. Rf5 Ne5 42.
Rg1 Nf7 43. Rf2 Kg6 44. Rgf1 Ne5 45. Rf4 Nf7 46. Rg1 Rd7 47. Kd2 Rd8 48. Be3 Rdd6 49. c3 Ne5 50. Kc2 Nxd3 51. Rf3 Ne5 52. Rh3 Nf7 53. Rgh1 Rxe4 54. Bxh6 Rxg4 55. Bc1 Rg2+ 56. Kb3 Rd5 57. R3h2 Rxh2 58. Rxh2 c5 59. Rg2+ Kf5 60. c4 bxc4+ 61. Kxc4 Rd1 62. Rf2+ Ke6 63. Bb2 cxb4 64. Rxf6+ Ke7 65. Rxa6 Rd6 66. Ra7 Kd7 67. Kxb4 Kc8 68. Ra8+ Kb7 69. Rf8 Nd8 70. Be5 Nc6+ 71. Kb5 Nxe5 72. Rf5 Nd7 73. a6+ Rxa6 74. Rf7 Rb6+ 75.
Ka5 Ne5 76. Rh7 Nc6+ 77. Ka4 Rb4+ 78. Ka3 Rd4 79. Kb3 Na7 80. Kc3 Rd8 81. Kc4 Kb6 82.
Rg7 c6 83. Rh7 Nb5 84. Rg7 Rd4+ 85. Kb3 Rh4 86. Rg5 Nc7 87. Rf5 Nd5 88. Rg5 Kc5 89. Rg1 Rh3+ 90. Kc2 Kb5 91. Rg6 c5 92. Rg5 Nb4+ 93.
Kd2 Nc6 94. Rg8 Nd4 95. Rb8+ Kc4 96. Rc8 Rh2+ 97. Kc1 Nb3+ 98. Kd1 Kc3 99. Rg8 Rh1+ 100. Ke2 c4 101. Rg3+ Kc2 102. Rg4 c3 103. Rc4 Nc1+ 104. Ke3 Re1+ 105. Kd4 Rd1+ 106. Kc5 Nd3+ 107. Kb5 Nb2 108. Rc8 Kb3 109. Rh8 Rd5+ 110. Kc6 Rg5 111. Rh3 Na4 112. Kd6 Kb2 113. Ke6 c2 114. Kf6 Rb5 115. Rh2 Kb1 116. Rh1+ c1=Q 117.
Rxc1+ Kxc1 118. Ke6 Rb2 119. Kd6 Nc3 120. Kc5 Ne2 121. Kc4 Rd2 122. Kb3 Rd4 123. Ka2 Kc2 124. Ka3 Re4 0-1

[Event "Early-Titled-Tuesday-Blitz-May-28-2024"]
[Site "Chess.com"]
[Date "2024.05.28"]
[Round "11"]
[White "TigrVShlyape"]
[Black "mishanick"]
[Result "1/2-1/2"]
[WhiteElo "2918"]
[BlackElo "3037"]
[TimeControl "180+1"]
[EndTime "10:12:31 PDT"]
[Termination "Game drawn by repetition"]

1. d4 Nf6 2. Bf4 d5 3. e3 e6 4. Nf3 Bd6 5. Nbd2 O-O 6. c3 c5 7. Bd3 Bxf4 8. exf4 cxd4 9. Nxd4 Qb6 10. Rb1 Qc7 11. g3 e5 12. fxe5 Qxe5+ 13. Qe2 Qd6 14. O-O Nc6 15. N2b3 Re8 16. Qd2 Ne5 17. Rfe1 Bg4 18. Qc2 h5 19. h4 Rad8 20. Nd2 a6 21. Bf1 Qd7 22. Bg2 Bh3 23. Bh1 g6 24. Re2 Nc6 25.
N2b3 Bg4 26. Ree1 Ne5 27. Nd2 Qc8 28. Re3 Nc6 29. Rxe8+ Rxe8 30. N2b3 Ne5 31. Re1 Bf5 32. Qd2 Be4 33. Bg2 Bxg2 34. Kxg2 Ne4 35. Qc2 Nc4 36. Nf3 Kg7 37. Nbd4 Qg4 38. Re2 b5 39.
Qd3 Nc5 40. Qc2 Ne4 41. b3 Ncd6 42. Qd3 Qd7 43. Nc2 Nf5 44. Ne3 Nxe3+ 45. Rxe3 Nf6 46. Rxe8 Qxe8 47. Nd4 Qe1 48. Nf3 Qe4 49. Qd4 Qf5 50. Ng5 Kg8 51. a4 bxa4 52. Qxa4 Ng4 53. Qd4 f6 54.
Nf3 Qe4 55. Qc5 Ne5 56. Qe3 Ng4 57. Qxe4 dxe4 58. Nd4 f5 59. Ne6 Kf7 60. Nc7 a5 61.
Nd5 e3 62. Nxe3 Ne5 63. f4 Nd3 64. Nc4 Nc5 65. Nxa5 Ne4 66. Kf3 Nxc3 67. b4 Ke6 68. Nc4 Ne4 69. Ne5 Nf6 70. b5 Nd5 71. Nxg6 Nf6 72.
Ne5 Kd5 73. Ke3 Kc5 74. Nf7 Ng4+ 75. Kf3 Nh2+ 76. Ke2 Ng4 77. Ne5 Nf6 78. Ng6 Ne4 79. Kf3 Kxb5 80. Ne7 Nd6 81. Ke3 Kc4 82. Ng8 Ne8 83. Nh6 Ng7 84. Nf7 Kd5 85. Kd3 Ne6 86.
Ng5 Nc5+ 87. Ke3 Nd7 88. Nf3 Nf6 89. Nd4 Ng4+ 90. Kd3 Nf2+ 91. Ke3 Nd1+ 92. Kd3 Nb2+ 93. Ke3 Nc4+ 94. Kd3 Nb2+ 95. Ke3 Nd1+ 96. Kd3 Nf2+ 97. Ke3 Ng4+ 98. Kd3 Nh6 99. Ke3 Kd6 100. Nf3 Kd5 101. Ne5 Ke6 102. Kd4 Ng8 103. Nd3 Nf6 104. Ke3 Kd5 105. Ne5 Ke6 106. Kf3 Ne4 107. Nd3 Kd5 108. Ne5 Ke6 109. Nc6 Nd6 110. Nb4 Ne4 111. Nc2 Nd2+ 112. Ke2 Ne4 113. Kf3 Nd2+ 114. Kg2 Ne4 115. Nd4+ Kf6 116. Kf3 Nd2+ 117. Ke3 Ne4 118. Ne2 Nd6 119. Kd4 Ke6 120. Nc3 Nf7 121. Kc5 Nd6 122. Kd4 Nb7 123. Nd5 Nd6 124. Nc3 1/2-1/2

[Event "Early-Titled-Tuesday-Blitz-May-28-2024"]
[Site "Chess.com"]
[Date "2024.05.28"]
[Round "11"]
[White "Naruto75_3"]
[Black "GrotBchess"]
[Result "1/2-1/2"]
[WhiteElo "2424"]
[BlackElo "2569"]
[TimeControl "180+1"]
[EndTime "10:12:48 PDT"]
[Termination "Game drawn - insufficient material"]

1. d4 Nf6 2. c4 g6 3. Nc3 Bg7 4. Nf3 d6 5. Bg5 O-O 6. e3 Nbd7 7. Be2 e5 8. O-O c6 9. dxe5 dxe5 10. Qc2 Qc7 11.
Rfd1 Nc5 12. Bh4 Bf5 13. Qc1 Nce4 14. Nxe4 Nxe4 15. Bd3 a5 16. h3 Nd6 17. c5 Bxd3 18. cxd6 Qxd6 19. e4 c5 20. b3 Qa6 21. Qxc5 Bxe4 22.
Nxe5 Rac8 23. Qd4 Bc6 24. Qf4 Bb5 25. Rac1 Rxc1 26. Rxc1 Qe6 27. Bg3 Re8 28. Nf3 h6 29.
Nd4 Qd5 30. Nxb5 Qxb5 31. Rc7 Qd5 32. Qc4 Qxc4 33. bxc4 b6 34. Rb7 Bd4 35. Bc7 Re1+ 36. Kh2 Bxf2 37. Bxb6 Rb1 38. Rb8+ Kh7 39. Bc7 Rc1 40. Rf8 Kg7 41. Rc8 g5 42. Bxa5 h5 43. Bc7 h4 44. Be5+ f6 45. Bb8 Kg6 46. g3 hxg3+ 47.
Bxg3 Rc2 48. Bxf2 Rxf2+ 49. Kg3 Rxa2 50. c5 Rc2 51. Rc6 Rc3+ 52. Kg4 Rc4+ 53. Kg3 Kf5 54. Rc8 Rc3+ 55. Kg2 Kf4 56. Ra8 Rxc5 57. Ra4+ Kf5 58. Kg3 Rc3+ 59. Kg2 Re3 60. Ra5+ Kf4 61. Ra2 f5 62.
Rf2+ Ke4 63. Ra2 Rd3 64. Ra4+ Rd4 65. Ra8 Rd2+ 66. Kg1 f4 67. Ra5 Rd5 68. Ra3 Rd3 69.
Ra5 Rg3+ 70. Kf2 Rxh3 71. Rxg5 Rh2+ 72. Kf1 Kf3 73. Kg1 Ra2 74. Rb5 Kg3 75. Rg5+ Kf3 76.
Rb5 Ra1+ 77. Kh2 Kf2 78. Rb2+ Kf1 79. Rb3 Ra2+ 80. Kh3 Kf2 81. Kg4 Ra4 82. Rf3+ Ke2 83. Rxf4 Ra6 84. Kg3 Rg6+ 85. Rg4 Rf6 86. Rf4 Re6 87.
Rg4 Re3+ 88. Kh2 Re6 89. Rg2+ Kf3 90. Rg3+ Kf4 91. Rg2 Rh6+ 92. Kg1 Kf3 93. Rf2+ Ke3 94. Rg2 Ra6 95. Rg3+ Kf4 96. Rg2 Ra1+ 97. Kh2 Kf3 98. Rg3+ Kf4 99. Rg2 Rf1 100. Ra2 Rb1 101. Ra4+ Kf3 102. Ra3+ Kf2 103. Ra2+ Kf3 104. Ra3+ Kg4 105. Ra4+ Kg5 106. Ra5+ Kf4 107. Ra4+ Ke5 108. Ra5+ Kd4 109. Ra4+ Kc5 110. Ra5+ Rb5 111. Ra4 Rb2+ 112. Kg3 Kb5 113. Rf4 Kc5 114. Rf2 Rb3+ 115. Rf3 Kc4 116. Rxb3 Kxb3 1/2-1/2